 Dungeon Crawl Stone Soup version 0.29-a0-422-gafbd6decc1 (webtiles) character file.

Game seed: 7110490363089213566

543 xian the Chopper (level 7, -1/54 HPs)
             Began as a Hill Orc Chaos Knight on May 18, 2022.
             Was a Plaything of Xom.
             Succumbed to a water moccasin's poison
             ... on level 5 of the Dungeon.
             The game lasted 00:13:27 (4822 turns).

xian the Chopper (Hill Orc Chaos Knight)            Turns: 4822, Time: 00:13:28

Health: -1/54      AC:  6    Str: 17    XL:     7   Next: 27%
Magic:  5/7        EV:  9    Int: 12    God:    Xom [.*....]
Gold:   262        SH:  6    Dex:  8    Spells: 5/6 levels left

rFire   + + .      SeeInvis .   g - +2 spear (venom)
rCold   x . .      Faith    .   v - +0 kite shield
rNeg    . . .      Spirit   +   b - +2 leather armour
rPois   .          Reflect  .   (no helmet)
rElec   .          Harm     .   (no cloak)
rCorr   .          Rampage  .   (no gloves)
Will    +....                   w - +0 pair of boots
Stlth   +.........              r - amulet of guardian spirit
HPRegen 0.18/turn               h - ring of willpower
MPRegen 0.10/turn               q - ring of fire

@: lethally poisoned (-1 -> -12)
A: clumsy 1, deterioration 1, fire resistance 1, frail 1
a: Renounce Religion


You were on level 5 of the Dungeon.
You worshipped Xom.
You were a plaything of Xom.
You visited 1 branch of the dungeon, and saw 5 of its levels.

You collected 372 gold pieces.
You spent 110 gold pieces at shops.

Inventory:

Hand Weapons
 a - a +0 hand axe of chaos
 g - a +2 spear of venom (weapon)
Missiles
 l - 12 boomerangs (quivered)
Armour
 b - a +2 leather armour (worn)
 v - a +0 kite shield (worn)
 w - a +0 pair of boots (worn)
Magical Staves
 n - a staff of fire
Jewellery
 f - a ring of magical power
 h - a ring of willpower (left hand)
 i - a ring of poison resistance
 q - a ring of fire (right hand)
 r - an amulet of guardian spirit (around neck)
Scrolls
 e - 3 scrolls of identify {unknown}
 k - 2 scrolls of vulnerability {unknown}
 o - 2 scrolls of blinking {unknown}
 p - a scroll of teleportation {unknown}
 u - a scroll of enchant weapon {unknown}
Potions
 d - a potion of resistance {unknown}
 j - a potion of curing {unknown}
 m - 2 potions of flight {unknown}
 s - a potion of might {unknown}
 t - a potion of heal wounds {unknown}
Miscellaneous
 c - a piece from Xom's chessboard (15/15)


   Skills:
 + Level 5.0 Fighting
 + Level 5.1(6.2) Axes
 + Level 4.2(5.1) Polearms
 + Level 0.7 Throwing
 + Level 4.1 Armour
 + Level 1.6 Dodging
 + Level 1.7 Stealth
 + Level 1.4 Shields


You had 5 spell levels left.
You knew the following spells:

 Your Spells              Type           Power      Damage    Failure   Level
a - Animate Skeleton      Necr           0%         N/A       80%         1

Your spell library contained the following spells:

 Spells                   Type           Power      Damage    Failure   Level
 Apportation              Tloc           0%         N/A       80%         1
 Summon Small Mammal      Summ           0%         N/A       80%         1
 Ensorcelled Hibernation  Hex/Ice        0%         N/A       90%         2
 Sublimation of Blood     Necr           0%         N/A       90%         2
 Dazzling Flash           Conj/Hex       0%         N/A       99%         3
 Gell's Gravitas          Tloc           0%         N/A       99%         3
 Lesser Beckoning         Tloc           0%         N/A       99%         3
 Spider Form              Tmut/Pois      0%         N/A       99%         3
 Teleport Other           Tloc           0%         N/A       99%         3
 Anguish                  Hex/Necr       0%         N/A       100%        4
 Iskenderun's Mystic Bla  Conj/Tloc      0%         2d3       100%        4
 Death Channel            Necr           0%         N/A       100%        6
 Starburst                Conj/Fire      0%         6d3       100%        6


Dungeon Overview and Level Annotations

Branches:
Dungeon (5/15)             Temple (0/1) D:4

Altars:
Wu Jian

Shops:
D:1 *   D:3 *


Innate Abilities, Weirdness & Mutations

You are clumsy. (Dex -2)
Your body sometimes deteriorates upon taking damage.
Your flesh is heat resistant. (rF+)
You are frail. (-10% HP)


Message History

The iguana is almost dead.
The iguana misses you.
You barely miss the iguana.
The iguana is almost dead.
You kill the iguana!
A water moccasin comes into view.
You see here an iguana corpse.
The water moccasin hisses angrily.
The water moccasin bites you. You block the water moccasin's attack.
You closely miss the water moccasin. "Over there now!"
The water moccasin blinks!
The water moccasin completely misses you.
The water moccasin bites you.
You are poisoned.
The water moccasin poisons you!
You feel very sick. The water moccasin bites you.
You are more poisoned.
The water moccasin poisons you! You block the water moccasin's attack.
You feel very sick.
The water moccasin attacks as you move away!
The water moccasin bites you but does no damage.
You feel very sick. The water moccasin bites you!
You are lethally poisoned!
The water moccasin poisons you!
* * * LOW HITPOINT WARNING * * *
You feel very sick.
* * * LOW HITPOINT WARNING * * *
You feel very sick.
* * * LOW HITPOINT WARNING * * *
You feel very sick. The water moccasin barely misses you.
* * * LOW HITPOINT WARNING * * *
You feel very sick.
The water moccasin attacks as you move away!
The water moccasin bites you but does no damage.
You die...
Xom chuckles heartily!

### #.#####.#
#.......# #@#
#.# #S# #.#
#.# #.# #####
####.#####
.....#
#........#
...#.#
####........#


You could see a water moccasin.

Vanquished Creatures
  A centaur (D:5)
  A phantom (D:4)
  A necrophage (D:5)
  A hound (D:5)
  A jelly (D:5)
  3 iguanas (D:5)
  4 adders
  An ufetubus (D:4)
  3 worms
  2 dart slugs
  5 orcs
  5 ball pythons
  5 endoplasms
  2 giant cockroaches
  2 goblins (D:1)
  4 hobgoblins
  7 jackals
  6 quokkas
  3 bats
  3 frilled lizards (D:1)
  9 kobolds
  4 rats (D:1)
73 creatures vanquished.

Vanquished Creatures (collateral kills)
  A necrophage (D:5)
1 creature vanquished.

Grand Total: 74 creatures vanquished

Notes
Turn   | Place    | Note
-------+----------+-------------------------------------------
     0 | D:1      | xian the Hill Orc Chaos Knight began the quest for the Orb.
     0 | D:1      | Reached XP level 1. HP: 19/19 MP: 1/1
   306 | D:1      | XOM: silly message
   308 | D:1      | Reached XP level 2. HP: 22/27 MP: 2/2
   371 | D:1      | XOM: stat loss: -1 Dex (9/10)
   475 | D:1      | XOM: 5-stop teleportation journey
   505 | D:1      | XOM: blink monster(s)
   624 | D:1      | Found Jimeefeg's General Store.
   723 | D:1      | Reached skill level 5 in Axes
   723 | D:1      | Reached XP level 3. HP: 30/33 MP: 3/3
   847 | D:1      | Found a faded altar of an unknown god.
   907 | D:1      | XOM: 2-stop teleportation journey
  1507 | D:2      | Found an ornate altar of the Wu Jian Council.
  1639 | D:2      | XOM: summons 2 hostile shadow creatures
  1917 | D:3      | Reached XP level 4. HP: 40/40 MP: 4/4
  2048 | D:3      | Reached skill level 1 in Polearms
  2276 | D:3      | XOM: cast spell 'Metabolic Englaciation'
  2452 | D:3      | Got the Almanac of Dark Rites
  2496 | D:3      | Found Roshret's Assorted Antiques.
  2585 | D:3      | Bought a twisted diamond amulet for 110 gold pieces
  2691 | D:3      | XOM: divination: magic mapping
  2773 | D:4      | Noticed a phantom
  2773 | D:4      | XOM: potion effect (invisibility)
  2783 | D:4      | XOM: cleaving
  2804 | D:4      | Killed a phantom
  2805 | D:4      | Reached skill level 1 in Stealth
  2805 | D:4      | Reached XP level 5. HP: 27/47 MP: 3/5
  2807 | D:4      | Learned a level 1 spell: Animate Skeleton
  2812 | D:4      | XOM is BORED!
  2812 | D:4      | XOM: give mutations
  2812 | D:4      | Gained mutation: You are clumsy. (Dex -2) [Xom's mischief]
  2812 | D:4      | Gained mutation: You are frail. (-10% HP) [Xom's mischief]
  2812 | D:4      | Gained mutation: Your flesh is heat resistant. (rF+) [Xom's
                  | mischief]
  2812 | D:4      | Gained mutation: Your body sometimes deteriorates upon
                  | taking damage. [Xom's mischief]
  3188 | D:4      | Found a staircase to the Ecumenical Temple.
  3418 | D:4      | XOM: 2-stop teleportation journey
  3767 | D:5      | Entered Level 5 of the Dungeon
  4152 | D:5      | XOM: noise
  4161 | D:5      | Reached skill level 1 in Dodging
  4162 | D:5      | XOM: enchant monster (good)
  4205 | D:5      | XOM: summons 2 friendly demons
  4214 | D:5      | Reached XP level 6. HP: 35/47 MP: 6/6
  4457 | D:5      | XOM: enchant monster (bad)
  4467 | D:5      | Reached skill level 1 in Shields
  4493 | D:5      | Reached XP level 7. HP: 36/54 MP: 7/7
  4663 | D:5      | Reached skill level 5 in Fighting
  4813 | D:5      | XOM: blink monster(s)
  4821 | D:5      | HP: 2/54 [poisoned by a water moccasin]
  4822 | D:5      | Succumbed to a water moccasin's poison

Illustrated notes

Levels and vault maps discovered:
D:1:      wander_arrival_chamber, layout_basic,
          dreamdust_ecumenical_altar_sealed_demon, serial_shops,
          nicolae_square_shop
D:2:      layout_basic, basic_altar
D:3:      layout_loops_ring, serial_shops, shop
D:4:      layout_basic, minmay_temple_entry_ruins
D:5:      layout_basic

Skill      XL: |  1  2  3  4  5  6  7 |
---------------+----------------------+-----
Fighting       | 4 5 |  5.0
Axes           | 5 |  5.1
Polearms       | 2 3 4 |  4.2
Armour         | 3 4 |  4.1
Stealth        | 1 |  1.7
Dodging        | 1 |  1.6
Shields        | 1 |  1.4
Throwing       | |  0.7

Action                   |  1- 3 |  4- 6 |  7- 9 || total
-------------------------+-------+-------+-------++-------
Melee: Hand axe          |    39 |       |       ||    39
       Spear             |    74 |   143 |    15 ||   232
Throw: Boomerang         |       |     9 |       ||     9
 Stab: Invisible         |       |     3 |       ||     3
Armor: Leather armour    |    65 |    35 |     8 ||   108
Dodge: Dodged            |    64 |    74 |    15 ||   153
Block: Kite shield       |       |    25 |     5 ||    30

Table legend: (Time is in decaauts)
 A = Elapsed time spent in this place.
 B = Non-inter-level travel time spent in this place.
 C = Inter-level travel time spent in this place.
 D = Time resting spent in this place.
 E = Time spent auto-exploring this place.
 F = Levels seen in this place.
 G = Mean time per level.
                   A        B        C        D        E       F      G
               +--------+--------+--------+--------+--------+-----+--------+
         Total |   4826 |   4787 |     39 |     78 |   3699 |   5 |  965.2 |
       Dungeon |   4826 |   4787 |     39 |     78 |   3699 |   5 |  965.2 |
               +--------+--------+--------+--------+--------+-----+--------+

Top non-repeatable levels by time:
     D:1: 1156 daAuts
     D:5: 1065 daAuts
     D:4: 1011 daAuts
     D:3: 874 daAuts
     D:2: 719 daAuts
